 Dungeon Crawl Stone Soup version 0.22-a0-44-geb883ae (webtiles) character file.

107 KristoblXynda the Slasher (level 4, 0/39 HPs)
             Began as a Naga Gladiator on Jan 6, 2018.
             Slain by a gnoll
             ... wielding a +0 spear
              (7 damage)
             ... on level 3 of the Dungeon.
             The game lasted 00:04:12 (2302 turns).

KristoblXynda the Slasher (Naga Gladiator)          Turns: 2302, Time: 00:04:12

Health: 0/39       AC:  4    Str: 16    XL:     4   Next: 86%
Magic:  4/4        EV: 10    Int: 10    God:
Gold:   148        SH:  0    Dex: 12    Spells: 3/3 levels left

rFire    . . .     SeeInvis +   a - +0 long sword
rCold    . . .     Gourm    .   (no shield)
rNeg     . . .     Faith    .   b - +0 leather armour
rPois    +         Spirit   .   c - +0 helmet
rElec    .         Reflect  .   (no cloak)
rCorr    .         Harm     .   (no gloves)
MR       .....                  (no barding)
Stlth    ++........             (no amulet)
HPRegen  0.13/turn              (no ring)
MPRegen  0.09/turn              (no ring)

@: very slow
A: large, see invisible, deformed body, poison resistance, slowness 2, slow
metabolism 1, spit poison 1, AC +1
a: Spit Poison


You were on level 3 of the Dungeon.
You were not hungry.

You visited 1 branch of the dungeon, and saw 3 of its levels.

You collected 148 gold pieces.

Inventory:

Hand Weapons
 a - a +0 long sword (weapon)
Missiles
 d - 3 throwing nets (quivered)
Armour
 b - a +0 leather armour (worn)
 c - a +0 helmet (worn)
Jewellery
 l - a +1 ring of protection {unknown}
Scrolls
 e - 3 scrolls of remove curse {unknown}
 h - a scroll of magic mapping {unknown}
 i - a scroll of identify
 m - a scroll of blinking
 o - a scroll of amnesia
 p - a scroll of teleportation {unknown}
 r - a scroll of fog {unknown}
Potions
 g - a potion of ambrosia
 j - a potion of mutation {unknown}
 k - 4 potions of heal wounds
 n - a potion of brilliance {unknown}
Comestibles
 f - 9 rations


   Skills:
 - Level 2.0 Fighting
 + Level 3.9 Long Blades
 - Level 2.3 Throwing
 + Level 1.2 Armour
 - Level 3.0 Dodging
 + Level 1.9 Stealth


You had 3 spell levels left.
You didn't know any spells.

Dungeon Overview and Level Annotations

Branches:
Dungeon (3/15)

Altars:
Trog

Annotations:
D:3 Grinder


Innate Abilities, Weirdness & Mutations

You cannot wear boots.
Your serpentine skin is tough. (AC +1)
You have supernaturally acute eyesight. (SInv)
Armour fits poorly on your strangely shaped body.
Your system is resistant to poisons. (rPois)
You cover ground very slowly.
You have a slow metabolism.
You can spit poison.


Message History

The orc priest is moderately wounded.
The orc priest hits you with a mace.
A gnoll comes into view. It is wielding a spear.
You barely miss the orc priest.
The orc priest is heavily wounded.
The orc priest barely misses you. The gnoll closely misses you.
The gnoll hits you but does no damage.
You closely miss the orc priest.
The orc priest is heavily wounded.
The orc priest hits you with a mace.
* * * LOW HITPOINT WARNING * * *
The gnoll hits you from afar with a spear.
* * * LOW HITPOINT WARNING * * *
Unknown command.
You have got your breath back.
The orc priest miscasts a cantrip.
You barely miss the orc priest.
The orc priest is heavily wounded.
The gnoll hits you from afar with a spear!
You die...

###.#....#....#.............# #
....+....#...>#......#.###.## #
....#....#....#........###.######
....##+##.....'.....#............
....##+##...#.#.....#.####.######
##..........#.#.....#.# #.#
...<........#.#.....'.# #.#
#.............#.....### #.#
#.............#.@...# #.#
##............##o#### ...
#..........#.##g# #.#
#...........> #g. #..
+.......##### #.## #..........
..# #........### #.# #####......
#.# ####..<. ..#


You could see an orc priest and 2 gnolls.

Vanquished Creatures
  5 adders
  2 worms (D:2)
  2 orcs (D:3)
  3 bats (D:2)
  2 giant cockroaches
  12 goblins
  8 hobgoblins
  3 jackals (D:2)
  A quokka (D:3)
  4 frilled lizards
  5 kobolds
  6 rats
53 creatures vanquished.

Notes
Turn   | Place    | Note
-------+----------+-------------------------------------------
     0 | D:1      | KristoblXynda the Naga Gladiator began the quest for the Orb.
     0 | D:1      | Reached XP level 1. HP: 19/19 MP: 1/1
   383 | D:1      | Reached XP level 2. HP: 25/26 MP: 2/2
   695 | D:2      | Reached XP level 3. HP: 6/32 MP: 3/3
  1176 | D:2      | Found a bloodstained altar of Trog.
  1315 | D:2      | Reached XP level 4. HP: 29/39 MP: 4/4
  1691 | D:3      | Reached skill level 1 in Stealth
  1740 | D:3      | Noticed Grinder
  1769 | D:3      | Reached skill level 1 in Armour
  2302 | D:3      | Slain by a gnoll

Vault maps used:
D:1:      minmay_arrival_glassed_features, minmay_misc_feat_enclosed
D:2:      lemuel_doored_altar, first_ration
D:3:      uniq_grinder

Skill      XL: |  1  2  3  4 |
---------------+-------------+-----
Throwing       | 2 |  2.3
Dodging        | 3 |  3.0
Stealth        | 1 |  1.9
Armour         | 1 |  1.2
Fighting       | |  2.0
Long Blades    | |  3.9

Action                   |  1- 3 |  4- 6 || total
-------------------------+-------+-------++-------
Melee: Long sword        |   102 |    56 ||   158
 Abil: Spit Poison       |     6 |     6 ||    12
  Use: Potion            |     1 |       ||     1
       Scroll            |       |     4 ||     4
  Eat: Chunk             |     1 |     3 ||     4
Armor: Leather armour    |    30 |    12 ||    42
Dodge: Dodged            |    78 |    29 ||   107
       Rpst.: Long sword |    23 |     9 ||    32

Table legend:
 A = Spawn XP
 B = Non-spawn XP
 C = Spawn XP percentage of total XP
 D = Spawn monster count
 E = Non-spawn monster count
 F = Spawn count percentage of total count
 G = Total turns spent on level
                    A         B        C        D         E        F      G
               +---------+---------+-------+---------+---------+-------+---------
         Total |       0 |     154 |   0.0 |       0 |      53 |   0.0 |  2302
               +---------+---------+-------+---------+---------+-------+---------
           D:1 |       0 |      11 |   0.0 |       0 |       7 |   0.0 |   538
           D:2 |       0 |      83 |   0.0 |       0 |      31 |   0.0 |  1148
           D:3 |       0 |      60 |   0.0 |       0 |      15 |   0.0 |   616
               +---------+---------+-------+---------+---------+-------+---------
